 Dungeon Crawl Stone Soup version 0.32-a0-961-gd60f5e5fc7 (webtiles) character file.

Game seed: 464712412017419377

6236 Drazool the Fighter (level 10, -1/86 HPs)
             Began as a Gnoll Wanderer on Apr 17, 2024.
             Was an Elder of Cheibriados.
             Slain by an orc knight
             ... wielding a +0 halberd
              (22 damage)
             ... on level 10 of the Dungeon.
             The game lasted 00:42:01 (10053 turns).

Drazool the Fighter (Gnoll Wanderer)               Turns: 10053, Time: 00:42:02

Health: -1/86      AC: 22    Str: 31    XL:     10   Next: 93%
Magic:  0/18       EV: 10    Int: 25    God:    Cheibriados [****..]
Gold:   19         SH:  0    Dex: 22    Spells: 20/20 levels left

rFire   + + .        z - +1 triple sword of the Imbibing Hero {flame, +Blink rElec Str+3}
rCold   . . .        (shield currently unavailable)
rNeg    + . .        K - +0 plate armour
rPois   .            w - +0 helmet
rElec   +            C - +0 cloak of Inquiry {rF+ rN+}
rCorr   .            h - +2 pair of gloves
SInv    .            H - +2 pair of boots {Fly}
Will    .....        m - amulet of guardian spirit Stlth
                     I - +6 ring of intelligence
HPRegen 0.34/turn    F - ring of protection from fire
MPRegen 0.16/turn

%: guardian spirit
@: mighty, flying, very slow
A: fangs 1, strong nose, distributed training
a: Renounce Religion, Evoke Blink, Bend Time, Temporal Distortion, Slouch


You were on level 10 of the Dungeon.
You worshipped Cheibriados.
Cheibriados was greatly pleased with you.
You visited 2 branches of the dungeon, and saw 11 of its levels.
You also visited: Bailey.

You collected 618 gold pieces.
You spent 599 gold pieces at shops.


Innate Abilities, Weirdness & Mutations

You have very sharp teeth.
Your uncanny sense of smell can sniff out nearby items.
Your experience applies equally to all skills.


   Skills:
 + Level 10.4 Fighting
 + Level 5.9 Short Blades
 + Level 5.9 Long Blades
 + Level 9.0 Axes
 + Level 5.9 Maces & Flails
 + Level 6.5 Polearms
 + Level 5.9 Staves
 + Level 5.9 Ranged Weapons
 + Level 5.9 Throwing
 + Level 6.5 Armour
 + Level 5.9 Dodging
 + Level 5.9 Stealth
 + Level 5.9 Shields
 + Level 5.9 Unarmed Combat
 + Level 5.9 Spellcasting
 + Level 4.9 Conjurations
 + Level 4.9 Hexes
 + Level 4.9 Summonings
 + Level 4.9 Necromancy
 + Level 4.9 Translocations
 + Level 4.9 Fire Magic
 + Level 4.9 Ice Magic
 + Level 4.9 Air Magic
 + Level 4.9 Earth Magic
 + Level 4.9 Alchemy
 + Level 6.5 Invocations
 + Level 6.5 Evocations
 + Level 5.4 Shapeshifting


You had 20 spell levels left.
You didn't know any spells.
Your spell library contained the following spells:

 Spells                   Type           Power      Damage    Failure   Level
 Shock                    Conj/Air       100%       1d9       8%          1
 Mercury Vapours          Alch/Air       64%        N/A       12%         2
 Mephitic Cloud           Conj/Alch/Air  32%        N/A       24%         3
 Summon Ice Beast         Ice/Summ       32%        N/A       24%         3
 Swiftness                Air            32%        N/A       24%         3
 Tukima's Dance           Hex            32%        N/A       24%         3
 Airstrike                Air            16%        2d(3-19)  61%         4
 Dimensional Bullseye     Hex/Tloc       16%        N/A       61%         4
 Iskenderun's Mystic Bla Conj/Tloc 32%            2d8        (+2d4     61%         4
 Summon Lightning Spire   Summ/Air       32%        N/A       61%         4
 Vhi's Electric Charge    Tloc/Air       64%        N/A       61%         4
 Arcjolt                  Conj/Air       16%        1d26      91%         5
 Freezing Cloud           Conj/Ice/Air   16%        6-21      91%         5
 Plasma Beam              Fire/Air       16%        2x1d27    100%        6
 Sculpt Simulacrum        Ice/Alch       16%        N/A       100%        6
 Maxwell's Capacitive Co  Air            16%        ∞         100%        8
 Chain Lightning          Conj/Air       16%        3d21      100%        9
 Fire Storm               Conj/Fire      16%        8d4       100%        9
 Shatter                  Erth           16%        3d15*     100%        9

Inventory:

Hand Weapons
 a - a +0 war axe
 b - a +0 whip of venom
 j - a +2 dagger of venom
 n - a +0 whip of flaming
 o - a +3 halberd
 x - a +3 hand axe
 z - the +1 triple sword of the Imbibing Hero (weapon) {flame, +Blink rElec Str+3}
   (You found it in a bailey)

   Str+3:     It affects your strength (+3).
   rElec:     It insulates you from electricity.
   +Blink:    It lets you blink.
 J - a +2 mace of draining
 P - the +2 rapier of the Hidden Vale {pain, rPois Str+4}
   (You took it off a centaur on level 8 of the Dungeon)

   Str+4:     It affects your strength (+4).
   rPois:     It protects you from poison.
 S - a +2 bardiche
Missiles
 v - 16 poisoned darts (quivered)
 y - 8 javelins
 A - 17 boomerangs
Armour
 h - a +2 pair of gloves (worn)
 w - a +0 helmet (worn)
 C - the +0 cloak of Inquiry (worn) {rF+ rN+}
   (You bought it in a shop on level 2 of the Dungeon)

   rF+:       It protects you from fire.
   rN+:       It protects you from negative energy.
 H - a +2 pair of boots of flying (worn)
 K - a +0 plate armour (worn)
 N - a +0 buckler
Magical Staves
 l - a staff of death {!a}
 R - a staff of conjuration {!a}
Jewellery
 m - an amulet of guardian spirit (around neck)
 F - a ring of protection from fire (right hand)
 I - a +6 ring of intelligence (left hand)
Wands
 q - a wand of polymorph (7)
 O - a wand of flame (3)
Scrolls
 c - 3 scrolls of fear
 e - a scroll of vulnerability
 D - a scroll of revelation
 E - a scroll of noise
 L - a scroll of silence {!r}
 M - a scroll of blinking
Potions
 d - 3 potions of resistance
 f - a potion of magic {unknown}
 g - 5 potions of enlightenment
 i - 2 potions of mutation {unknown}
 k - a potion of haste {unknown}
 p - 2 potions of degeneration {unknown}
 s - 2 potions of lignification {unknown}
 t - 2 potions of heal wounds {unknown}
 u - a potion of attraction {unknown}
 B - a potion of cancellation {unknown}
 G - a potion of invisibility {unknown}

Dungeon Overview and Level Annotations

Branches:
Dungeon (10/15)            Temple (1/1) D:4            Lair (0/5) D:9
 Bailey (visited)
    Orc: D:9-12

Altars:
Ashenzari
Cheibriados
Dithmenos
Elyvilon
Fedhas
Gozag
Hepliaklqana
Kikubaaqudgha
Makhleb
Nemelex Xobeh
Okawaru
Qazlal
Ru
Sif Muna
Trog
Uskayaw
Vehumet
Xom
Yredelemnul
Zin
The Shining One

Shops:
D:2 [   D:7 ?[[

Annotations:
D:6 2 transporters, pazhot's ghost, novice MDFi
D:8 1 exclusion

**,,,,,,,,,,,,,,,,*,,,,,,,,,,
***,,,,....,,*#.#**,*,,*,******
***,,,,,,....,*##.##*,,....,,,*
,,,***,,,.....,,....,.......,,*
,,,,**,,,.....###..,.........,***
,,,,,,,*,.#.......##.........,,,,
,,,,,,*,,..........##........!,**
,,,,,*,,,.......)...#.........***
,,,,,,,,,......o@)............,,,
,,,,,,,,,.......)............,#*,
,,,,,**,,.....................#*,
,,,,,,*,,......##.....##.###*.##.
,,,,,,*,,......#....#....# *...>.
,,,,,,*,,........######..###.....
,,,,,,,**##..####**#.........#**,
**,,**,,,,...***.....###...### #.
,,,*******,,,,*,.###**#.....## #.


You could see an orc knight (strong).


Message History

The orc knight hits you with a +0 halberd!
The orc knight hits you but does no damage.
The orc knight barely misses you.
The orc knight hits you from afar with a +0 glaive!!
* * * LOW HITPOINT WARNING * * *
The orc knight barely misses you. x2
The orc knight hits you with a +0 halberd!
* * * LOW HITPOINT WARNING * * *
The orc knight closely misses you.
The orc knight hits you from afar with a +0 trident!
* * * LOW HITPOINT WARNING * * *
The orc knight barely misses you.
There is a gate leading back out of this place, spattered with blood here.
Unknown command.
The orc knight closely misses you. The orc knight barely misses you.
The orc knight hits you with a +0 halberd.
* * * LOW HITPOINT WARNING * * *
Welcome back to the Dungeon!
There is an empty arch of ancient stone here.
Unknown command.
You hit the orc knight but do no damage.
The orc knight hits you with a +0 halberd!
* * * LOW HITPOINT WARNING * * *
Unknown command.
You feel better. The orc knight barely misses you.
You barely miss the orc knight. You bite the orc knight.
The orc knight is lightly wounded.
The orc knight hits you with a +0 halberd!!
You die...
Cheibriados appreciates the motionlessness of death.

Skill      XL: |  1  2  3  4  5  6  7  8  9 10 |
---------------+-------------------------------+-----
Invocations    | 1 2 3 4 5 6 |  6.5
Short Blades   | 1 2 3 5 |  5.9
Long Blades    | 1 2 3 5 |  5.9
Maces & Flails | 1 2 3 5 |  5.9
Staves         | 1 2 3 5 |  5.9
Ranged Weapons | 1 2 3 5 |  5.9
Throwing       | 1 2 3 5 |  5.9
Dodging        | 1 2 3 5 |  5.9
Stealth        | 1 2 3 5 |  5.9
Shields        | 1 2 3 5 |  5.9
Unarmed Combat | 1 2 3 5 |  5.9
Spellcasting   | 1 2 3 5 |  5.9
Shapeshifting  | 1 2 3 4 5 |  5.4
Conjurations   | 1 2 3 4 |  4.9
Hexes          | 1 2 3 4 |  4.9
Summonings     | 1 2 3 4 |  4.9
Necromancy     | 1 2 3 4 |  4.9
Translocations | 1 2 3 4 |  4.9
Fire Magic     | 1 2 3 4 |  4.9
Ice Magic      | 1 2 3 4 |  4.9
Air Magic      | 1 2 3 4 |  4.9
Earth Magic    | 1 2 3 4 |  4.9
Alchemy        | 1 2 3 4 |  4.9
Polearms       | 3 4 5 6 |  6.5
Armour         | 3 4 5 6 |  6.5
Evocations     | 3 4 5 6 |  6.5
Axes           | 7 8 9 |  9.0
Fighting       | 9 10 | 10.4

Action                     |  1- 3 |  4- 6 |  7- 9 | 10-12 || total
---------------------------+-------+-------+-------+-------++-------
  Melee: Hand axe          |    63 |       |       |       ||    63
         Bite              |    10 |    15 |    63 |    12 ||   100
         Whip              |    39 |   144 |   371 |    60 ||   614
         Dagger            |       |       |    25 |     8 ||    33
         War axe           |       |       |    33 |    17 ||    50
         Rapier            |       |       |     2 |    28 ||    30
         Halberd           |       |       |       |    73 ||    73
         Triple sword      |       |       |       |     3 ||     3
  Throw: Javelin           |       |     1 |     2 |     7 ||    10
         Dart              |       |       |    13 |    25 ||    38
         Boomerang         |       |       |       |     5 ||     5
 Invoke: Bend Time         |       |       |       |     1 ||     1
  Evoke: Wand              |       |       |    25 |     4 ||    29
    Use: Scroll            |     4 |     3 |     8 |     6 ||    21
         Potion            |       |       |       |     5 ||     5
   Stab: Sleeping          |     1 |       |       |       ||     1
 Armour: Leather armour    |    26 |       |       |       ||    26
         Ring mail         |    21 |    14 |       |       ||    35
         Chain mail        |       |   129 |    38 |       ||   167
         Plate armour      |       |       |   345 |   201 ||   546
  Dodge: Dodged            |    41 |    53 |   119 |   109 ||   322
  Block: Buckler           |       |       |    28 |    20 ||    48

Levels and vault maps discovered:
D:1:      dpeg_arrival_leaves_temple_mockup, layout_loops_ring,
          dilly_ecumenical_altar_fadedgnrine
D:2:      layout_basic, serial_shops, shop, uniq_sigmund
D:3:      layout_loops_ring
D:4:      layout_rooms, minmay_temple_entry_drinking_statues
D:5:      layout_gridville, grunt_temple_overflow_open, mrwooster_statue_mirror
D:6:      layout_basic, marbit_many_paths, gammafunk_ghost_arena
D:7:      layout_rooms, overflow_temple_1_default, serial_shops, shop,
          nicolae_shop_back_alley_shop, shop, shop
D:8:      layout_loops_ring, serial_bayou, serial_bayou_lagoon_b,
          serial_bayou_pond_a, serial_bayou_ford_a, serial_bayou_shore_b
D:9:      layout_cave_pools, fedhas_ov_isle_minmay, david_lair_generic
D:10:     layout_rooms, lemuel_doored_altar, enter_bailey_2, uniq_josephine
Temple:   nicolae_temple_elliptical

Notes
Turn   | Place    | Note
-------+----------+-------------------------------------------
     0 | D:1      | Drazool the Gnoll Wanderer began the quest for the Orb.
     0 | D:1      | Drazool set off with the following items: a +3 hand axe, a
                  | +0 spear, a scroll of fear, a +0 leather armour.
     0 | D:1      | Reached XP level 1. HP: 26/26 MP: 1/1
    79 | D:1      | Reached XP level 2. HP: 29/33 MP: 2/2
   441 | D:1      | Reached XP level 3. HP: 37/38 MP: 3/3
   770 | D:1      | Found a faded altar of an unknown god.
   847 | D:2      | Noticed Sigmund
  1053 | D:2      | Reached skill level 1 in Invocations
  1110 | D:2      | Reached skill level 1 in Short Blades
  1110 | D:2      | Reached skill level 1 in Long Blades
  1110 | D:2      | Reached skill level 1 in Maces & Flails
  1110 | D:2      | Reached skill level 1 in Staves
  1110 | D:2      | Reached skill level 1 in Ranged Weapons
  1110 | D:2      | Reached skill level 1 in Throwing
  1110 | D:2      | Reached skill level 1 in Dodging
  1110 | D:2      | Reached skill level 1 in Stealth
  1110 | D:2      | Reached skill level 1 in Shields
  1110 | D:2      | Reached skill level 1 in Unarmed Combat
  1110 | D:2      | Reached skill level 1 in Spellcasting
  1312 | D:2      | Found Nuneziut's Antique Armour Emporium.
  1418 | D:3      | Reached skill level 1 in Shapeshifting
  1418 | D:3      | Reached XP level 4. HP: 45/45 MP: 5/5
  1428 | D:3      | Reached skill level 1 in Conjurations
  1428 | D:3      | Reached skill level 1 in Hexes
  1428 | D:3      | Reached skill level 1 in Summonings
  1428 | D:3      | Reached skill level 1 in Necromancy
  1428 | D:3      | Reached skill level 1 in Translocations
  1428 | D:3      | Reached skill level 1 in Fire Magic
  1428 | D:3      | Reached skill level 1 in Ice Magic
  1428 | D:3      | Reached skill level 1 in Air Magic
  1428 | D:3      | Reached skill level 1 in Earth Magic
  1428 | D:3      | Reached skill level 1 in Alchemy
  1810 | D:3      | Reached XP level 5. HP: 51/51 MP: 7/7
  1961 | D:2      | Bought a glowing chain mail for 165 gold pieces
  2171 | D:4      | Reached skill level 3 in Polearms
  2171 | D:4      | Reached skill level 3 in Armour
  2171 | D:4      | Reached skill level 3 in Evocations
  2280 | D:3      | Reached skill level 2 in Invocations
  2312 | D:4      | Reached XP level 6. HP: 46/57 MP: 6/8
  2430 | D:4      | Found a staircase to the Ecumenical Temple.
  2444 | Temple   | Entered the Ecumenical Temple
  2899 | D:5      | Entered Level 5 of the Dungeon
  2919 | D:5      | Reached skill level 2 in Short Blades
  2919 | D:5      | Reached skill level 2 in Long Blades
  2919 | D:5      | Reached skill level 2 in Maces & Flails
  2919 | D:5      | Reached skill level 2 in Staves
  2919 | D:5      | Reached skill level 2 in Ranged Weapons
  2919 | D:5      | Reached skill level 2 in Throwing
  2919 | D:5      | Reached skill level 2 in Dodging
  2919 | D:5      | Reached skill level 2 in Stealth
  2919 | D:5      | Reached skill level 2 in Shields
  2919 | D:5      | Reached skill level 2 in Unarmed Combat
  2919 | D:5      | Reached skill level 2 in Spellcasting
  2985 | D:5      | Reached skill level 2 in Shapeshifting
  3021 | D:5      | Found a bloodstained altar of Trog.
  3025 | D:5      | Found an iron altar of Okawaru.
  3199 | D:5      | Noticed a sky beast
  3203 | D:5      | Reached XP level 7. HP: 63/63 MP: 8/10
  3205 | D:5      | Reached skill level 7 in Axes
  3388 | D:5      | Reached skill level 2 in Conjurations
  3388 | D:5      | Reached skill level 2 in Hexes
  3388 | D:5      | Reached skill level 2 in Summonings
  3388 | D:5      | Reached skill level 2 in Necromancy
  3388 | D:5      | Reached skill level 2 in Translocations
  3388 | D:5      | Reached skill level 2 in Fire Magic
  3388 | D:5      | Reached skill level 2 in Ice Magic
  3388 | D:5      | Reached skill level 2 in Air Magic
  3388 | D:5      | Reached skill level 2 in Earth Magic
  3388 | D:5      | Reached skill level 2 in Alchemy
  3475 | D:5      | Reached skill level 9 in Fighting
  3523 | D:5      | Reached skill level 3 in Invocations
  3694 | D:2      | Bought a pair of runed boots for 165 gold pieces
  3964 | D:6      | Found a transporter.
  4039 | D:6      | Reached skill level 3 in Short Blades
  4039 | D:6      | Reached skill level 3 in Long Blades
  4039 | D:6      | Reached skill level 3 in Maces & Flails
  4039 | D:6      | Reached skill level 4 in Polearms
  4039 | D:6      | Reached skill level 3 in Staves
  4039 | D:6      | Reached skill level 3 in Ranged Weapons
  4039 | D:6      | Reached skill level 3 in Throwing
  4039 | D:6      | Reached skill level 4 in Armour
  4039 | D:6      | Reached skill level 3 in Dodging
  4039 | D:6      | Reached skill level 3 in Stealth
  4039 | D:6      | Reached skill level 3 in Shields
  4039 | D:6      | Reached skill level 3 in Unarmed Combat
  4039 | D:6      | Reached skill level 3 in Spellcasting
  4039 | D:6      | Reached skill level 4 in Evocations
  4039 | D:6      | Reached XP level 8. HP: 63/71 MP: 12/12
  4353 | D:5      | Reached skill level 3 in Shapeshifting
  4450 | D:6      | Noticed pazhot's ghost (novice MDFi)
  4456 | D:6      | Noticed a wraith
  4952 | D:6      | Found a snail-covered altar of Cheibriados.
  4957 | D:6      | Became a worshipper of Cheibriados the Contemplative
  4972 | D:6      | Found a transporter.
  5140 | D:6      | Killed a wraith
  5141 | D:6      | Reached skill level 3 in Conjurations
  5141 | D:6      | Reached skill level 3 in Hexes
  5141 | D:6      | Reached skill level 3 in Summonings
  5141 | D:6      | Reached skill level 3 in Necromancy
  5141 | D:6      | Reached skill level 3 in Translocations
  5141 | D:6      | Reached skill level 3 in Fire Magic
  5141 | D:6      | Reached skill level 3 in Ice Magic
  5141 | D:6      | Reached skill level 3 in Air Magic
  5141 | D:6      | Reached skill level 3 in Earth Magic
  5141 | D:6      | Reached skill level 3 in Alchemy
  5141 | D:6      | Reached skill level 4 in Invocations
  5306 | D:7      | Found Hemn's Antique Armour Emporium.
  5363 | D:7      | Found Hagiukhut's Antique Weapon Boutique.
  5429 | D:7      | Found a hide-covered altar of Uskayaw.
  5444 | D:7      | Reached XP level 9. HP: 75/77 MP: 12/14
  5545 | D:7      | Identified the +2 robe of the Skies Above {*Slow rC+++
                  | rCorr MP-9}
  5582 | D:7      | Found Vijiu's Antique Armour Boutique.
  5596 | D:7      | Reached skill level 4 in Short Blades
  5596 | D:7      | Reached skill level 4 in Long Blades
  5596 | D:7      | Reached skill level 4 in Maces & Flails
  5596 | D:7      | Reached skill level 4 in Staves
  5596 | D:7      | Reached skill level 4 in Ranged Weapons
  5596 | D:7      | Reached skill level 4 in Throwing
  5596 | D:7      | Reached skill level 4 in Dodging
  5596 | D:7      | Reached skill level 4 in Stealth
  5596 | D:7      | Reached skill level 4 in Shields
  5596 | D:7      | Reached skill level 4 in Unarmed Combat
  5596 | D:7      | Reached skill level 4 in Spellcasting
  5758 | D:7      | Found Sataj's Magic Scroll Shop.
  5768 | D:7      | Bought a scroll of identify for 30 gold pieces
  5768 | D:7      | Bought a scroll of identify for 30 gold pieces
  5768 | D:7      | Identified 2 potions of resistance
  5809 | D:7      | Reached skill level 5 in Polearms
  5809 | D:7      | Reached skill level 5 in Armour
  5809 | D:7      | Reached skill level 5 in Evocations
  5809 | D:7      | Reached * piety under Cheibriados
  6257 | D:8      | Identified the +2 rapier of the Hidden Vale {pain, rPois
                  | Str+4}
  6273 | D:8      | Reached skill level 4 in Shapeshifting
  6352 | D:8      | Reached skill level 8 in Axes
  6499 | D:8      | Reached skill level 5 in Invocations
  6526 | D:8      | Reached ** piety under Cheibriados
  7062 | D:8      | Reached skill level 4 in Conjurations
  7062 | D:8      | Reached skill level 4 in Hexes
  7062 | D:8      | Reached skill level 4 in Summonings
  7062 | D:8      | Reached skill level 4 in Necromancy
  7062 | D:8      | Reached skill level 4 in Translocations
  7062 | D:8      | Reached skill level 4 in Fire Magic
  7062 | D:8      | Reached skill level 4 in Ice Magic
  7062 | D:8      | Reached skill level 4 in Air Magic
  7062 | D:8      | Reached skill level 4 in Earth Magic
  7062 | D:8      | Reached skill level 4 in Alchemy
  7465 | D:8      | Reached skill level 5 in Short Blades
  7465 | D:8      | Reached skill level 5 in Long Blades
  7465 | D:8      | Reached skill level 5 in Maces & Flails
  7465 | D:8      | Reached skill level 5 in Staves
  7465 | D:8      | Reached skill level 5 in Ranged Weapons
  7465 | D:8      | Reached skill level 5 in Throwing
  7465 | D:8      | Reached skill level 5 in Dodging
  7465 | D:8      | Reached skill level 5 in Stealth
  7465 | D:8      | Reached skill level 5 in Shields
  7465 | D:8      | Reached skill level 5 in Unarmed Combat
  7465 | D:8      | Reached skill level 5 in Spellcasting
  7465 | D:8      | Reached XP level 10. HP: 70/85 MP: 14/17
  7473 | D:8      | Reached skill level 10 in Fighting
  7639 | D:9      | Noticed a kobold demonologist
  7647 | D:9      | Killed a kobold demonologist
  7709 | D:9      | Found a blossoming altar of Fedhas.
  7736 | D:9      | Reached *** piety under Cheibriados
  7737 | D:9      | Reached skill level 6 in Polearms
  7737 | D:9      | Reached skill level 6 in Armour
  7737 | D:9      | Reached skill level 6 in Evocations
  8076 | D:9      | Reached skill level 6 in Invocations
  8278 | D:9      | Got the Lectures on Electric Firn
  8413 | D:9      | Reached skill level 5 in Shapeshifting
  8485 | D:9      | Found a staircase to the Lair.
  9092 | D:2      | Bought a crude cloak for 209 gold pieces
  9092 | D:2      | Identified the +0 cloak of Inquiry {rF+ rN+} (You bought it
                  | in a shop on level 2 of the Dungeon)
  9390 | D:2      | Killed Sigmund
  9570 | D:10     | Entered Level 10 of the Dungeon
  9588 | D:10     | Found a flagged portal.
  9598 | Bailey   | Entered a bailey
  9700 | Bailey   | Reached **** piety under Cheibriados
  9996 | Bailey   | Reached skill level 9 in Axes
 10039 | Bailey   | Identified the +1 triple sword of the Imbibing Hero {flame,
                  | +Blink rElec Str+3}
 10044 | Bailey   | Noticed an orc knight
 10044 | Bailey   | Noticed an orc knight
 10044 | Bailey   | Noticed an orc knight
 10044 | Bailey   | Noticed an orc knight
 10053 | D:10     | Slain by an orc knight

Vanquished Creatures
  A kobold demonologist (D:9)
  Sigmund (D:2)
  A vampire (D:9)
  A wraith (D:6)
  2 wyverns (D:9)
  A basilisk (D:9)
  5 yaks
  A water moccasin (D:5)
  A sky beast (D:5)
  3 ice beasts
  A black bear (D:9)
  12 orc warriors
  An ogre (D:6)
  3 centaurs
  3 kobold brigands
  3 bullfrogs
  3 scorpions
  3 wights (D:9)
  4 killer bees (D:9)
  2 bombardier beetles
  8 electric eels (D:8)
  5 hounds
  A gnoll bouda (D:7)
  6 orc priests
  A jelly (D:5)
  7 iguanas
  14 orc wizards
  4 gnolls (D:7)
  6 adders
  2 white imps
  A ribbon worm (D:5)
  4 dart slugs
  43 orcs
  3 endoplasms
  5 goblins
  7 hobgoblins
  11 jackals
  13 kobolds
  4 quokkas (D:1)
  4 ball pythons
  5 bats
  5 frilled lizards
  3 rats (D:1)
214 creatures vanquished.

Vanquished Creatures (collateral kills)
  An orc (D:6)
1 creature vanquished.

Grand Total: 215 creatures vanquished

Table legend: (Time is in decaauts)
 A = Elapsed time spent in this place.
 B = Non-inter-level travel time spent in this place.
 C = Inter-level travel time spent in this place.
 D = Time resting spent in this place.
 E = Time spent auto-exploring this place.
 F = Levels seen in this place.
 G = Mean time per level.
                   A        B        C        D        E       F      G
               +--------+--------+--------+--------+--------+-----+--------+
         Total |  11429 |   9920 |   1509 |   1346 |   5868 |  12 |  952.4 |
       Dungeon |  10797 |   9305 |   1492 |   1203 |   5631 |  10 | 1079.7 |
        Temple |     49 |     32 |     17 |      0 |      0 |   1 |   49.0 |
        Bailey |    582 |    582 |      0 |    143 |    236 |   1 |  582.0 |
               +--------+--------+--------+--------+--------+-----+--------+

Top non-repeatable levels by time:
     D:8: 2049 daAuts
     D:9: 1689 daAuts
     D:5: 1261 daAuts
     D:6: 1243 daAuts
     D:2: 987 daAuts
     D:3: 968 daAuts
     D:4: 859 daAuts
     D:7: 853 daAuts
     D:1: 836 daAuts
  Bailey: 582 daAuts
  Temple: 49 daAuts
    D:10: 47 daAuts

Table legend:
 A = Non-vault XP
 B = Vault XP
 C = Vault XP percentage of total XP
 D = Non-vault monster count
 E = Vault monster count
 F = Vault count percentage of total count
                 A         B        C        D         E       F
            +---------+---------+-------+---------+---------+-------
      Total |    6802 |    2107 |  23.7 |     189 |      26 |  12.1
            +---------+---------+-------+---------+---------+-------
        D:1 |      42 |       0 |   0.0 |      26 |       0 |   0.0
        D:2 |      39 |     223 |  85.1 |      14 |       1 |   6.7
        D:3 |     170 |       0 |   0.0 |      17 |       0 |   0.0
        D:4 |     152 |       0 |   0.0 |      11 |       0 |   0.0
        D:5 |     757 |       0 |   0.0 |      15 |       0 |   0.0
        D:6 |     840 |     202 |  19.4 |      18 |       1 |   5.3
        D:7 |     754 |       0 |   0.0 |      21 |       0 |   0.0
        D:8 |    1910 |     202 |   9.6 |      34 |       1 |   2.9
        D:9 |    2123 |     522 |  19.7 |      31 |       3 |   8.8
     Temple |      15 |       0 |   0.0 |       2 |       0 |   0.0
     Bailey |       0 |     958 | 100.0 |       0 |      20 | 100.0
            +---------+---------+-------+---------+---------+-------
